 Dungeon Crawl Stone Soup version 0.30.0-19-g36f170ea60 (webtiles) character file.

Game seed: 1626891663355429743

133 DildoBatman the Conjurer (level 5, -1/37 (38) HPs)
             Began as a Formicid Conjurer on May 30, 2023.
             Slain by a gnoll
             ... wielding a +0 flail of draining
              (8 damage)
             ... on level 3 of the Dungeon.
             The game lasted 00:15:15 (2982 turns).

DildoBatman the Conjurer (Formicid Conjurer)        Turns: 2982, Time: 00:15:15

HP:   -1/37 (38)    AC:  2    Str: 11    XL:     5   Next: 39%
MP:   0/9           EV: 12    Int: 20    God:
Gold: 112           SH:  0    Dex: 12    Spells: 6/9 levels left

rFire   . . .        b - staff of conjuration
rCold   . . .        (no shield)
rNeg    . . .        d - +0 robe
rPois   .            (helmet unavailable)
rElec   .            (no cloak)
rCorr   .            (no gloves)
SInv    +            (no boots)
Will    .....        (no amulet)
Stlth   ++           (no ring)
HPRegen 0.26/turn    (no ring)
MPRegen 0.11/turn

%: no passive effects
@: lightly drained
A: permanent stasis, dig shafts and tunnels, antennae 3, four strong arms
a: Dig, Shaft Self


You were on level 3 of the Dungeon.
You visited 1 branch of the dungeon, and saw 4 of its levels.

You collected 112 gold pieces.

Inventory:

Hand Weapons
 a - a +4 short sword of flaming
 l - a +0 sling
 o - a +0 whip of electrocution
Missiles
 c - 21 stones (quivered)
 t - a throwing net
Armour
 d - a +0 robe (worn)
Magical Staves
 b - a staff of conjuration (weapon)
 n - a staff of death
Wands
 s - a wand of charming (10)
Scrolls
 f - a scroll of fear {unknown}
 h - a scroll of blinking {unknown}
 i - a scroll of magic mapping {unknown}
 p - a scroll of enchant armour {unknown}
 r - a scroll of butterflies {unknown}
Potions
 e - 2 potions of magic
 g - a potion of might {unknown}
 j - a potion of mutation {unknown}
 k - 2 potions of lignification {unknown}
 m - a potion of degeneration {unknown}
 q - 2 potions of curing {unknown}


   Skills:
 * Level 1.8 Fighting
 * Level 1.7 Armour
 * Level 2.5 Dodging
 * Level 3.4 Stealth
 * Level 2.9 Spellcasting
 * Level 4.0 Conjurations


You had 6 spell levels left.
You knew the following spells:

 Your Spells              Type           Power      Damage    Failure   Level
a - Searing Ray           Conj           56%        2d6       4%          2
c - Magic Dart            Conj           100%       1d8       2%          1

Your spell library contained the following spells:

 Spells                   Type           Power      Damage    Failure   Level
 Dazzling Flash           Conj/Hex       32%        N/A       19%         3
 Ignite Poison            Fire/Tmut/Pois 2%         N/A       41%         3
 Fulminant Prism          Conj/Hex       8%         3d7       52%         4
 Iskenderun's Mystic Bla  Conj/Tloc      16%        2d5       52%         4
 Sticky Flame             Conj/Fire      16%        2d4       52%         4
 Irradiate                Conj/Tmut      8%         3d14      86%         5
 Blade Hands              Tmut           1%         N/A       99%         5
 Dragon Form              Tmut           1%         N/A       100%        7
 Ignition                 Fire           1%         3d3       100%        8


Dungeon Overview and Level Annotations

Branches:
Dungeon (4/15)
 Temple: D:4-7

Altars:

Shops:
D:1 (

Annotations:
D:3 exclusions: 2 orcs and orc priest, Jessica
D:4 exclusions: orc wizard and sensed monster (detected), Natasha


Innate Abilities, Weirdness & Mutations

You cannot be hasted, slowed, berserked, paralysed or teleported.
You can dig through walls and to a lower floor.
You have a pair of large antennae on your head. (SInv)
Your four strong arms can wield two-handed weapons with a shield.


Message History

The searing ray hits the gnoll.
The gnoll is heavily wounded.
The searing ray misses the gnoll. (Press . to maintain the ray.)
The giant cockroach bites you but does no damage.
The searing ray hits the giant cockroach!
You kill the giant cockroach!
The searing ray misses the gnoll.
The searing ray hits the gnoll.
The gnoll is moderately wounded.
The gnoll hits you from afar with a +0 halberd.
The searing ray hits the gnoll.
The gnoll is almost dead.
The searing ray misses the gnoll.
The gnoll hits you from afar with a +0 halberd!
The searing ray hits the gnoll.
The gnoll is almost dead.
The searing ray hits the gnoll.
The gnoll is heavily wounded.
You finish channelling your searing ray.
The gnoll misses you.
Casting: Searing Ray (safe; 4% risk of failure)
Confirm with . or Enter, or press ? or * to list all spells.
Aiming: Searing Ray (safe; 4% risk of failure)
Press: ? - help, Shift-Dir - straight line, f/p - gnoll
Aim: a gnoll, wielding a +0 flail of draining and wearing a +0 leather armour (heavily wounded, 82% to hit)
You feel a surge of power!
The searing ray hits the gnoll.
You kill the gnoll!
The searing ray misses the gnoll. (Press . to maintain the ray.)
The searing ray hits the gnoll.
The gnoll is heavily wounded.
The searing ray hits the gnoll but does no damage.
The gnoll is heavily wounded.
The gnoll hits you with a +0 flail of draining!
You feel drained.
Without enough magic to sustain it, your searing ray dissipates.
The gnoll hits you with a +0 flail of draining!
You die...

### ##### ##.## #...#
##.#.####...###
#.###......)..################ ##
##.#.#.......................###.
##.##........##@######.......##.
#.##.##...####g# #....#..##.
#.##.##...# #)# #..#.#..##.
#.##.#########.######..........
#.#...........#.##.##......)...
#.#..####....###..#....#.###.#.
###.#..# #.##..#.##g##.##.# #.#.
#...#o.# # #.#.###.##.##.###.#.
#.### #.<.B# #.##.##.##.#..


You could see a gnoll.

Vanquished Creatures
  5 gnolls
  2 adders
  An ufetubus (D:4)
  4 dart slugs
  6 endoplasms
  5 giant cockroaches
  3 goblins
  3 hobgoblins
  3 jackals (D:1)
  4 kobolds
  3 quokkas
  4 ball pythons
  7 bats
  2 frilled lizards
  2 rats
54 creatures vanquished.

Notes
Turn   | Place    | Note
-------+----------+-------------------------------------------
     0 | D:1      | DildoBatman the Formicid Conjurer began the quest for the
                  | Orb.
     0 | D:1      | Reached XP level 1. HP: 13/13 MP: 3/3
   106 | D:1      | Found Tawkuug's Weapon Emporium.
   208 | D:1      | Reached XP level 2. HP: 20/20 MP: 1/5
   255 | D:1      | Learned a level 2 spell: Searing Ray
   715 | D:1      | Reached XP level 3. HP: 25/25 MP: 4/6
   973 | D:2      | Reached skill level 1 in Fighting
  1235 | D:2      | Reached skill level 1 in Armour
  1330 | D:2      | Noticed Jessica
  1419 | D:2      | Reached XP level 4. HP: 32/32 MP: 3/7
  2018 | D:4      | Noticed Natasha
  2248 | D:4      | Reached XP level 5. HP: 34/37 MP: 4/9
  2261 | D:4      | Reached skill level 4 in Conjurations
  2982 | D:3      | Slain by a gnoll

Illustrated notes

Levels and vault maps discovered:
D:1:      amcnicky_arrival_gap_in_the_tavern_cellar, layout_loops_corners,
          serial_shops, shop
D:2:      layout_loops_cross, hangedman_decor_diamond_cutter,
          chequers_serial_rivers_marsh, minmay_fractal_squares_gapless_5,
          uniq_jessica
D:3:      layout_loops_ring, nicolae_ecumenical_lake_church
D:4:      layout_basic, minmay_temple_entry_wispy, kennysheep_big_empty_room,
          uniq_natasha

Skill      XL: |  1  2  3  4  5 |
---------------+----------------+-----
Dodging        | 2 |  2.5
Fighting       | 1 |  1.8
Armour         | 1 |  1.7
Stealth        | 3 |  3.4
Conjurations   | 4 |  4.0
Spellcasting   | |  2.9

Action                     |  1- 3 |  4- 6 || total
---------------------------+-------+-------++-------
  Melee: Dagger            |     6 |       ||     6
         Punch             |     1 |       ||     1
         Staff             |     9 |    13 ||    22
         Short sword       |       |     3 ||     3
   Cast: Magic Dart        |    36 |    23 ||    59
         Searing Ray       |     7 |     7 ||    14
Ability: Dig               |    12 |     1 ||    13
   Stab: Sleeping          |       |     1 ||     1
 Armour: Robe              |     5 |     4 ||     9
  Dodge: Dodged            |    21 |    20 ||    41
